 Dungeon Crawl Stone Soup version 0.30.1 (webtiles) character file.

Game seed: 13330780479031589067

38 Graphine the Insei (level 3, 0/39 HPs)
             Began as a Human Transmuter on July 6, 2023.
             Slain by an adder (1 damage)
             ... on level 2 of the Dungeon.
             The game lasted 00:03:48 (951 turns).

Graphine the Insei (Human Transmuter)                Turns: 951, Time: 00:03:51

Health: 0/39       AC: 21    Str: 12    XL:     3   Next: 65%
Magic:  2/6        EV:  2    Int: 13    God:
Gold:   19         SH:  0    Dex: 13    Spells: 3/6 levels left

rFire   . . .        i - +2 morningstar (venom)
rCold   . . .        (no shield)
rNeg    . . .        a - melded +0 robe
rPois   +            f - melded +0 helmet
rElec   .            (cloak currently unavailable)
rCorr   .            (gloves currently unavailable)
SInv    .            (boots currently unavailable)
Will    .....        (no amulet)
Stlth   +            (no ring)
HPRegen 0.26/turn    (no ring)
MPRegen 0.10/turn

%: no passive effects
@: lethally poisoned (0 -> -10), tree-form, wereblooded (expiring)
A: stationary, stasis, torment immunity, boosted hp
a: no special abilities


You were on level 2 of the Dungeon.
You were a tree.
You visited 1 branch of the dungeon, and saw 2 of its levels.

You collected 19 gold pieces.

Inventory:

Hand Weapons
 i - a +2 morningstar of venom (weapon)
 k - a +1 dagger of venom
Missiles
 e - 25 stones (quivered)
Armour
 a - a +0 robe (melded)
 f - a +0 helmet (melded)
Jewellery
 j - an amulet of guardian spirit
Scrolls
 g - 2 scrolls of identify


   Skills:
 * Level 1.4 Fighting
 + Level 0.3 Armour
 * Level 2.4 Dodging
 + Level 0.0 Shields
 * Level 3.2 Unarmed Combat
 * Level 2.2 Spellcasting
 * Level 2.3 Transmutations
 + Level 0.5 Ice Magic


You had 3 spell levels left.
You knew the following spells:

 Your Spells              Type           Power      Damage    Failure   Level
a - Beastly Appendage     Tmut           14%        N/A       10%         1
b - Wereblood             Tmut           7%         N/A       14%         2

Your spell library contained the following spells:

 Spells                   Type           Power      Damage    Failure   Level
 Spider Form              Tmut/Pois      4%         N/A       43%         3
 Ice Form                 Ice/Tmut       5%         N/A       80%         4


Dungeon Overview and Level Annotations

Branches:
Dungeon (2/15)

Altars:


Message History

The adder hisses angrily.
Your magical contamination has completely faded away.
You hit the adder.
The adder is poisoned.
The adder is lightly wounded.
The adder bites you.
You are poisoned.
The adder poisons you! The adder barely misses you.
You closely miss the adder. Your kick misses the adder.
The adder is lightly wounded.
Your horns disappear.
Your talons disappear.
Your +0 helmet unmelds from your body.
You feel sick. The adder barely misses you. The adder bites you.
You are more poisoned.
The adder poisons you! The adder bites you. The adder barely misses you.
Casting: Wereblood (safe; 14% risk of failure)
Confirm with . or Enter, or press ? or * to list all spells.
You grow a pair of large bovine horns.
Your feet morph into talons.
Your +0 helmet melds into your body.
Your primal bloodlust is almost over.
You feel sick. The adder bites you.
You are more poisoned.
The adder poisons you! The adder barely misses you.
You miss the adder. Your punch misses the adder.
The adder is heavily wounded.
You feel very sick. The adder bites you.
* * * LOW HITPOINT WARNING * * *
You are more poisoned.
The adder poisons you! The adder bites you but does no damage.
The adder barely misses you. The adder bites you.
* * * LOW HITPOINT WARNING * * *
Really quaff the potion of lignification?
Your horns disappear.
Your talons disappear.
Your +0 helmet unmelds from your body.
You turn into a tree.
Your +0 helmet melds into your body.
Your +0 robe melds into your body.
Your roots penetrate the ground.
* * * LOW HITPOINT WARNING * * *
You feel very sick. The adder bites you.
You die...

... #..# ... ###.)##
... #.....#
#.##.....######
#..............
######.?..#....#
......S........###..
~.....S♣........##.#
~....?...##..#...#.#
~........###.#...#.#
~........#
#.......###
≈........#
##........#
#...?....#
##..#....#
#.######.# #....<..#
.. #.######....>.#
#.........###.#


You could see 2 adders.

Vanquished Creatures
  2 dart slugs (D:1)
  4 bats (D:1)
  3 endoplasms
  2 giant cockroaches (D:1)
  3 goblins (D:1)
  3 hobgoblins (D:1)
  2 jackals (D:1)
  3 kobolds (D:1)
  A quokka (D:1)
  2 ball pythons (D:1)
  5 rats (D:1)
30 creatures vanquished.

Notes
Turn   | Place    | Note
-------+----------+-------------------------------------------
     0 | D:1      | Graphine the Human Transmuter began the quest for the Orb.
     0 | D:1      | Reached XP level 1. HP: 15/15 MP: 3/3
   133 | D:1      | Reached XP level 2. HP: 21/21 MP: 3/5
   173 | D:1      | Learned a level 2 spell: Wereblood
   448 | D:1      | Reached XP level 3. HP: 26/26 MP: 2/6
   951 | D:2      | HP: 1/39 [poisoned by an adder]
   951 | D:2      | Slain by an adder

Illustrated notes

Levels and vault maps discovered:
D:1:      minmay_arrival_semitransparent, layout_loops_ring, dk_noncrumbling_2
D:2:      layout_basic, nicolae_ecumenical_lake_church

Action                     || total
---------------------------++-------
  Melee: Unarmed           ||    21
         Kick              ||    11
         Morningstar       ||    33
         Headbutt          ||     4
   Cast: Beastly Appendage ||    18
         Wereblood         ||     4
    Use: Scroll            ||     3
         Potion            ||     1
   Stab: Sleeping          ||     2
 Armour: Robe              ||    16
  Dodge: Dodged            ||    37
